AoeStats
← Fulcrum

Arabia

509932971Analyzed
1v1 RM · 3d ago on Sep 28, 2026· 47m 7s· 2 players
Game mode
Random Map
Map size
Tiny (2 player)
Population
200
Speed
Normal
Resources
Standard
Victory
Conquest
Starting age
Dark Age
Ending age
Imperial Age
RankedLock teamsTeams togetherTeam positionsShared explorationLock speedFull tech treeHidden civsTurbo modeCheats
Victory
Defeat
🇫🇷 Vikings · France
1115
+17
🇺🇸 Magyars · United States
1144
-17
CFD_Doc
6:28 Loom
9:41 Feudal Age
12:51 Double-Bit Axe
19:41 Castle Age
17:40 Stone Mining
18:07 Forging
18:21 Horse Collar
20:45 Scale Mail Armor
29:06 Chieftains
30:09 Squires
31:19 Gold Mining
33:17 Gold Shaft Mining
32:53 Heavy Plow
34:33 Chain Mail Armor
36:02 Iron Casting
38:39 Imperial Age
40:30 Blast Furnace
40:01 Plate Mail Armor
39:55 Conscription
39:35 Elite Varangian Guard
41:02 Bow Saw
41:49 Arson
43:02 Siege Engineers
43:19 Ballistics
43:59 Chemistry
44:58 Fletching
Fulcrum
5:33 Loom
11:04 Feudal Age
15:24 Castle Age
13:48 Double-Bit Axe
21:48 Padded Archer Armor
26:56 Scale Barding Armor
26:44 Fletching
29:20 Bodkin Arrow
29:46 Chain Barding Armor
32:07 Bow Saw
33:48 Leather Archer Armor
34:19 Bloodlines
34:10 Husbandry
36:48 Ballistics
39:42 Imperial Age
37:51 Wheelbarrow
38:36 Thumb Ring
38:59 Corvinian Army
41:02 Parthian Tactics
41:45 Bracer
42:16 Ring Archer Armor
Connection lost

Rejoining the realm…

Still unreachable

The connection could not be restored.

Session expired

The server has moved on; the page needs a fresh start.